 Dungeon Crawl Stone Soup version 0.22.0-5-gf09313c (webtiles) character file.

13339 Ijustatesigmund the Cleaver (level 12, -1/110 HPs)
             Began as a Hill Orc Fighter on Aug 13, 2018.
             Was a Believer of the Shining One.
             Killed by miscasting Blink (8 damage)
             ... on level 12 of the Dungeon.
             The game lasted 00:26:56 (12001 turns).

Ijustatesigmund the Cleaver (Hill Orc Fighter)     Turns: 12001, Time: 00:26:57

Health: -1/110     AC: 20    Str: 20    XL:     12   Next: 5%
Magic:  7/20       EV:  7    Int:  8    God:    the Shining One [**....]
Gold:   411        SH: 21    Dex: 14    Spells: 8/11 levels left

rFire    . . .     SeeInvis .   a - +3 war axe
rCold    . . .     Gourm    .   c - +0 shield
rNeg     + . .     Faith    .   b - +0 chain mail
rPois    +         Spirit   .   k - +1 helmet
rElec    .         Reflect  .   i - +1 cloak
rCorr    .         Harm     .   (no gloves)
MR       .....                  h - +0 pair of boots
Stlth    ..........             (no amulet)
HPRegen  0.28/turn              C - +5 ring of protection
MPRegen  0.17/turn              t - ring of poison resistance

@: divine shield, about to teleport, very slightly contaminated, glowing
A: no striking features
a: Divine Shield, Renounce Religion, Convert to Beogh


You were on level 12 of the Dungeon.
You worshipped the Shining One.
The Shining One was pleased with you.
You were not hungry.

You visited 2 branches of the dungeon, and saw 14 of its levels.
You also visited: Ossuary.

You collected 558 gold pieces.
You spent 147 gold pieces at shops.

Inventory:

Hand Weapons
 a - a +3 war axe (weapon)
Armour
 b - a +0 chain mail (worn)
 c - a +0 shield (worn)
 h - a +0 pair of boots (worn)
 i - a +1 cloak (worn)
 k - a +1 helmet (worn)
Jewellery
 q - a +2 ring of dexterity
 s - an uncursed ring of wizardry
 t - a ring of poison resistance (right hand)
 u - an uncursed ring of resist corrosion
 C - a +5 ring of protection (left hand)
Wands
 n - a wand of scattershot (3)
 p - a wand of acid (9)
 y - a wand of disintegration (1)
Scrolls
 d - 3 scrolls of remove curse
 w - 2 scrolls of immolation
 x - a scroll of teleportation
 A - 2 scrolls of enchant armour
 B - a scroll of acquirement {unknown}
Potions
 e - a potion of resistance
 g - 3 potions of curing
 j - 2 potions of ambrosia
 l - 4 potions of flight
 m - a potion of cancellation {unknown}
 o - 3 potions of heal wounds {unknown}
 r - a potion of lignification {unknown}
 v - a potion of might
 z - a potion of brilliance {unknown}
 D - a potion of berserk rage
Miscellaneous
 E - a phial of floods
Comestibles
 f - 18 rations


   Skills:
 + Level 11.3 Fighting
 + Level 13.9 Axes
 - Level 5.7 Armour
 - Level 3.1 Dodging
 - Level 5.7 Shields
 + Level 5.2 Translocations
 + Level 10.7 Invocations


You had 8 spell levels left.
You knew the following spells:

 Your Spells              Type           Power        Failure   Level  Hunger
a - Magic Dart            Conj           #...         100%        1    ##.....
b - Blink                 Tloc           N/A          93%         2    ###....

Your spell library contained the following spells:

 Spells                   Type           Power        Failure   Level  Hunger
 Conjure Flame            Conj/Fire      #.......     100%        3    ####...
 Slow                     Hex            #.......     100%        2    ###....
 Mephitic Cloud           Conj/Pois/Air  #.......     100%        3    ####...
 Teleport Other           Tloc           #.......     99%         3    ####...
 Call Imp                 Summ           #.......     100%        2    ###....
 Passage of Golubria      Tloc           N/A          100%        4    #####..
 Shroud of Golubria       Chrm/Tloc      #.........   100%        2    ###....
 Gell's Gravitas          Tloc           #.........   99%         3    ####...
 Lesser Beckoning         Tloc           #.........   99%         3    ####...


Dungeon Overview and Level Annotations

Branches:
Dungeon (13/15)            Temple (1/1) D:4            Lair (0/6) D:8
    Orc (0/2) D:12
 Vaults: D:13-14

Altars:
Ashenzari
Cheibriados
Dithmenos
Elyvilon
Fedhas
Gozag
Hepliaklqana
Kikubaaqudgha
Makhleb
Nemelex Xobeh
Okawaru
Qazlal
Ru
Sif Muna
Trog
Uskayaw
Vehumet
Wu Jian
Xom
Yredelemnul
Zin
The Shining One

Shops:
D:10 *


Message History

The ball of steam misses the orc.
The kobold closely misses you.
The orc priest shouts, "Surrender to Beogh and we'll let you live!"
You hear a shout! x2
The orc is engulfed in a cloud of scalding steam.
The orc dies!
You block the kobold's attack. The eye of draining gazes at you.
You feel your power leaking away. You block the big kobold's attack.
As you read the scroll of teleportation, it crumbles to dust.
You feel strangely unstable.
The orc priest begins to cast a cantrip, but forgets the words!
You block the jelly's attack. You block the kobold's attack.
The big kobold hits you.
* * * LOW HITPOINT WARNING * * *
Cast which spell? (? or * to list)
You miscast Blink.
You are very lightly contaminated with residual magic.
You are caught in a localised field of spatial distortion.
You die...

#.. #.### ##...#####
##........# #.§.......#
#. #....[....# #...
§§§o.....##########
.....##§@J.............(.
......ODKK............##(
.......§........##....##c
...........G.... #.....((
........o..##........o...
...........# .......oooo
######...... ..........
#........§...O.o....
#...##.... ...o....


You could see a two-headed ogre, an eye of draining, a steam dragon, a big
kobold, a jelly, an orc priest, an orc and a kobold.

Vanquished Creatures
  Josephine (D:10)
  Harold (D:10)
  2 two-headed ogres (D:11)
  An ugly thing (D:11)
  Maurice (D:10)
  2 rust devils
  3 trolls
  A hornet (D:10)
  4 wraiths (D:10)
  2 wyverns
  9 yaks (D:10)
  A water moccasin (D:6)
  6 orc warriors
  An ice beast (D:6)
  2 phantoms
  2 necrophages
  An eye of draining (D:11)
  3 wolves (D:8)
  A black bear (D:11)
  6 ogres
  7 centaurs
  3 bullfrogs
  2 wyvern zombies
  3 water moccasin zombies (Ossuary)
  6 scorpions
  3 killer bees (D:11)
  2 electric eels (D:8)
  3 howler monkeys (D:10)
  9 crimson imps
  3 centaur zombies
  3 bullfrog zombies
  4 hounds
  3 jellies
  2 bullfrog skeletons
  5 orc wizards
  5 orc priests
  4 centaur skeletons
  An iguana (D:7)
  6 worker ants
  3 big kobold zombies (Ossuary)
  A hound skeleton (D:5)
  2 mummies (Ossuary)
  2 worker ant zombies
  4 gnolls (D:6)
  7 adders
  A shadow imp (D:5)
  2 oozes
  3 adder skeletons (D:9)
  5 adder zombies
  5 worms (D:2)
  A dart slug (D:1)
  3 leopard geckos
  32 orcs
  12 bats
  9 giant cockroaches
  6 goblins
  4 hobgoblins (D:2)
  11 jackals
  9 kobolds
  6 quokkas
  3 ball pythons
  5 frilled lizards
  2 gnoll zombies (Ossuary)
  4 hobgoblin zombies (Ossuary)
  6 kobold zombies (Ossuary)
  4 orc zombies (Ossuary)
  8 rats
284 creatures vanquished.

Vanquished Creatures (others)
  An orc (D:12)
1 creature vanquished.

Grand Total: 285 creatures vanquished

Notes
Turn   | Place    | Note
-------+----------+-------------------------------------------
     0 | D:1      | Ijustatesigmund the Hill Orc Fighter began the quest for the Orb.
     0 | D:1      | Reached XP level 1. HP: 19/19 MP: 1/1
    95 | D:1      | Reached skill level 3 in Axes
   100 | D:1      | Reached XP level 2. HP: 26/27 MP: 2/2
   580 | D:2      | Reached skill level 4 in Axes
   582 | D:2      | Reached XP level 3. HP: 33/33 MP: 3/3
  1136 | D:2      | Reached XP level 4. HP: 35/41 MP: 4/4
  1334 | D:2      | Reached skill level 5 in Axes
  1838 | D:3      | Found an iron altar of Okawaru.
  2391 | D:4      | Reached XP level 5. HP: 47/47 MP: 5/5
  2399 | D:4      | Found a staircase to the Ecumenical Temple.
  2405 | Temple   | Entered the Ecumenical Temple
  2672 | D:4      | Reached skill level 5 in Fighting
  2672 | D:4      | Reached skill level 6 in Axes
  2822 | D:4      | Reached XP level 6. HP: 51/56 MP: 6/6
  2935 | D:4      | Noticed a phantom
  2981 | D:4      | Killed a phantom
  3180 | D:5      | Entered Level 5 of the Dungeon
  3409 | D:5      | Reached XP level 7. HP: 58/62 MP: 7/7
  4023 | D:5      | Reached skill level 7 in Axes
  4080 | D:5      | Found a shimmering altar of Xom.
  4422 | D:6      | Reached skill level 5 in Armour
  4422 | D:6      | Reached skill level 5 in Shields
  4445 | D:6      | Reached XP level 8. HP: 68/71 MP: 8/8
  4638 | D:6      | Reached skill level 8 in Axes
  4770 | D:6      | Found a sand-covered staircase.
  4774 | Ossuary  | Entered an ossuary
  4920 | Ossuary  | Reached skill level 1 in Dodging
  5137 | D:6      | Reached skill level 9 in Axes
  5137 | D:6      | Reached XP level 9. HP: 81/81 MP: 9/9
  5198 | D:6      | Found a basalt altar of Yredelemnul.
  5199 | D:6      | Found a sacrificial altar of Ru.
  5200 | D:6      | Found a snail-covered altar of Cheibriados.
  5932 | D:7      | Found a glowing golden altar of the Shining One.
  6062 | D:7      | Became a worshipper of the Shining One
  6207 | D:7      | Reached skill level 1 in Invocations
  6311 | D:7      | Reached skill level 10 in Axes
  6945 | D:8      | Noticed a troll
  6961 | D:8      | Gained mutation: Your spells are a little harder to cast, but a little more powerful. [potion of mutation]
  6961 | D:8      | Gained mutation: You are somewhat resistant to further mutation. [potion of mutation]
  6973 | D:8      | Killed a troll
  6973 | D:8      | Reached skill level 11 in Axes
  6973 | D:8      | Reached skill level 5 in Invocations
  6981 | D:8      | Reached XP level 10. HP: 61/90 MP: 12/14
  7171 | D:8      | Lost mutation: Your spells are a little harder to cast, but a little more powerful. [potion of mutation]
  7171 | D:8      | Lost mutation: You are somewhat resistant to further mutation. [potion of mutation]
  7171 | D:8      | Gained mutation: You are weak. (Str -2) [potion of mutation]
  7171 | D:8      | Lost mutation: You are weak. (Str -2) [potion of mutation]
  7769 | D:8      | Found a staircase to the Lair.
  8180 | D:9      | Learned a level 1 spell: Magic Dart
  8183 | D:9      | Learned a level 2 spell: Blink
  8197 | D:9      | Reached * piety under the Shining One
  8253 | D:9      | Found a bloodstained altar of Trog.
  8378 | D:9      | Found a stormy altar of Qazlal.
  8443 | D:10     | Entered Level 10 of the Dungeon
  8485 | D:10     | Reached skill level 1 in Translocations
  8505 | D:10     | Reached skill level 12 in Axes
  8741 | D:10     | Noticed Josephine
  8756 | D:10     | Killed Josephine
  8756 | D:10     | Reached XP level 11. HP: 18/99 MP: 17/17
  8772 | D:10     | Reached skill level 10 in Fighting
  9021 | D:10     | Found an opulent altar of Gozag.
  9076 | D:10     | Noticed Harold
  9100 | D:10     | Killed Harold
  9121 | D:10     | Noticed Maurice
  9141 | D:10     | Killed Maurice
  9141 | D:10     | Reached skill level 13 in Axes
  9262 | D:10     | Found Tateg's General Store.
  9270 | D:10     | Bought a scroll of enchant weapon for 105 gold pieces
  9270 | D:10     | Bought a potion of curing for 42 gold pieces
 10269 | D:11     | Noticed a seven-headed hydra
 10386 | D:11     | Noticed a cyan ugly thing
 10396 | D:11     | Killed a cyan ugly thing
 11050 | D:11     | Reached ** piety under the Shining One
 11060 | D:11     | Noticed a two-headed ogre
 11072 | D:11     | Killed a two-headed ogre
 11072 | D:11     | Reached skill level 10 in Invocations
 11445 | D:11     | Noticed a two-headed ogre
 11454 | D:11     | Killed a two-headed ogre
 11454 | D:11     | Reached skill level 5 in Translocations
 11518 | D:11     | Reached XP level 12. HP: 65/110 MP: 19/19
 11819 | D:12     | Found a staircase to the Orcish Mines.
 11819 | D:12     | Noticed a six-headed hydra
 11827 | D:12     | Noticed a two-headed ogre
 11985 | D:13     | Noticed a vault guard
 12001 | D:12     | Killed by miscasting Blink

Skill      XL: |  1  2  3  4  5  6  7  8  9 10 11 |
---------------+----------------------------------+-----
Axes           | 3 4 5 6 7 9 11 12 13 | 13.9
Fighting       | 4 5 6 8 9 11 | 11.3
Armour         | 4 5 |  5.7
Shields        | 4 5 |  5.7
Dodging        | 2 3 |  3.1
Invocations    | 5 8 10 | 10.7
Translocations | 3 5 |  5.2

Action                   |  1- 3 |  4- 6 |  7- 9 | 10-12 || total
-------------------------+-------+-------+-------+-------++-------
Melee: War axe           |   100 |   124 |   455 |   419 ||  1098
Invok: Divine Shield     |       |       |       |     3 ||     3
Evoke: Wand              |       |       |       |    13 ||    13
  Use: Scroll            |     2 |     6 |     6 |    16 ||    30
       Potion            |       |       |     7 |     7 ||    14
  Eat: Chunk             |       |     8 |     8 |     5 ||    21
       Ration            |       |       |     1 |     4 ||     5
Armor: Scale mail        |    17 |       |       |       ||    17
       Chain mail        |    62 |    70 |   193 |   202 ||   527
Dodge: Dodged            |    25 |    26 |    91 |   120 ||   262
Block: Shield            |    57 |    58 |   177 |   210 ||   502
